 Dungeon Crawl Stone Soup version 0.30.0-30-g96aa6591b8 (webtiles) character file.

Game seed: 2647519916816439483

107 Pepete the Conjurer (level 4, 0/24 HPs)
             Began as a Deep Elf Conjurer on June 30, 2023.
             Slain by Natasha (4 damage)
             ... on level 3 of the Dungeon.
             The game lasted 00:04:37 (5281 turns).

Pepete the Conjurer (Deep Elf Conjurer)             Turns: 5281, Time: 00:04:38

Health: 0/24       AC:  4    Str:  2 (4)  XL:     4   Next: 57%
Magic:  4/12       EV: 18    Int: 24 (25) God:
Gold:   169        SH:  0    Dex: 13      Spells: 7/12 levels left

rFire   . . .        (no weapon)
rCold   . . .        (no shield)
rNeg    + . .        a - +1 robe
rPois   .            (no helmet)
rElec   .            h - scarf {repulsion}
rCorr   .            d - +0 pair of gloves
SInv    .            (no boots)
Will    .....        (no amulet)
Stlth   ++           e - ring of positive energy
HPRegen 0.24/turn    g - +5 ring of evasion
MPRegen 0.13/turn

%: repel missiles
@: no status effects
A: no striking features
a: no special abilities


You were on level 3 of the Dungeon.
You visited 1 branch of the dungeon, and saw 3 of its levels.

You collected 169 gold pieces.

Inventory:

Armour
 a - a +1 robe (worn)
 d - a +0 pair of gloves (worn)
 h - a scarf of repulsion (worn)
Jewellery
 e - a ring of positive energy (left hand)
 g - a +5 ring of evasion (right hand)
 n - a ring of ice
Scrolls
 f - a scroll of identify
 i - a scroll of amnesia
Potions
 b - 2 potions of magic
 c - a potion of cancellation
 l - a potion of haste {unknown}


   Skills:
 + Level 0.9 Armour
 + Level 3.1 Dodging
 - Level 2.8 Stealth
 * Level 4.5 Spellcasting
 * Level 5.2 Conjurations


You had 7 spell levels left.
You knew the following spells:

 Your Spells              Type           Power      Damage    Failure   Level
a - Magic Dart            Conj           100%       1d8       1%          1
b - Fulminant Prism       Conj/Hex       9%         3d7       30%         4

Your spell library contained the following spells:

 Spells                   Type           Power      Damage    Failure   Level
 Searing Ray              Conj           60%        2d6       1%          2
 Dazzling Flash           Conj/Hex       36%        N/A       10%         3
 Iskenderun's Mystic Bla  Conj/Tloc      18%        2d6       30%         4


Dungeon Overview and Level Annotations

Branches:
Dungeon (3/15)

Altars:

Annotations:
D:3 Natasha


Message History

Natasha casts a spell.
The magic dart hits the cerulean imp but does no damage.
The magic dart hits the cerulean imp!
The cerulean imp is heavily wounded.
Natasha mumbles some strange words.
The magic dart hits the cerulean imp.
The cerulean imp is severely wounded.
The magic dart hits the cerulean imp.
The cerulean imp is almost dead.
The cerulean imp hits you from afar with a +0 spear.
The magic dart hits the cerulean imp.
You kill the cerulean imp!
The cerulean imp disappears in a puff of smoke!
The cerulean imp hits you from afar with a +0 spear.
The magic dart hits Natasha.
Natasha is moderately wounded.
The cerulean imp misses you. Natasha attacks as you move away!
Natasha misses you.
Natasha stares at you and mumbles some strange words.
The magic dart hits you.
Natasha stares at you and mumbles some strange words.
The magic dart hits you!
Okay, then.
Natasha attacks as you move away! Natasha closely misses you.
The cerulean imp closely misses you. Natasha closely misses you.
Natasha attacks as you move away! Natasha claws you.
* * * LOW HITPOINT WARNING * * *
Natasha attacks as you move away! Natasha barely misses you.
The cerulean imp disappears in a puff of smoke!
Things that are here:
a +0 trident; 3 stones Natasha attacks as you move away!
Natasha closely misses you. Natasha casts a spell at you.
The magic dart hits you.
* * * LOW HITPOINT WARNING * * *
Things that are here:
a +0 hand axe; a +0 chain mail; an orc skeleton Natasha attacks as you move away!
Natasha closely misses you. Natasha attacks as you move away!
Natasha claws you.
You die...

#....... ##########
####....... #........#
##......#.##
#........#####..######h#
#........##....## #5#
#...........#### #.#
####......))# #.......
#.....h..#..........>.
#....@)...............
#........#............
#........#......>.....
#........# ...........
#.<......# ......$....
#........# ...
#####.#... #..###. #.#


You could see Natasha.

Vanquished Creatures
  Natasha (D:3)
  2 adders (D:2)
  A worm (D:2)
  A dart slug (D:2)
  4 orcs (D:3)
  6 bats
  4 endoplasms (D:1)
  3 giant cockroaches
  4 goblins
  4 hobgoblins
  7 jackals
  4 ball pythons
  2 frilled lizards (D:1)
  7 kobolds
  3 rats (D:1)
53 creatures vanquished.

Notes
Turn   | Place    | Note
-------+----------+-------------------------------------------
     0 | D:1      | Pepete the Deep Elf Conjurer began the quest for the Orb.
     0 | D:1      | Reached XP level 1. HP: 10/10 MP: 6/6
   403 | D:1      | Reached XP level 2. HP: 15/15 MP: 5/8
  1722 | D:1      | Reached XP level 3. HP: 19/19 MP: 6/10
  2705 | D:2      | Reached skill level 5 in Conjurations
  4036 | D:3      | Noticed Natasha
  4042 | D:3      | Killed Natasha
  4043 | D:3      | Reached XP level 4. HP: 24/24 MP: 4/12
  4046 | D:3      | Noticed Natasha
  4740 | D:2      | Learned a level 4 spell: Fulminant Prism
  5281 | D:3      | Slain by Natasha

Illustrated notes

Levels and vault maps discovered:
D:1:      amcnicky_arrival_blooded_trapdoor, layout_basic
D:2:      layout_basic, hangedman_glass_teeth
D:3:      layout_rooms, serial_shops, nicolae_shop_behind_doors, shop,
          nicolae_shop_tiny_real_fake_doors, shop, uniq_natasha

Skill      XL: |  1  2  3 |
---------------+----------+-----
Spellcasting   | 4 |  4.5
Conjurations   | 5 |  5.2
Dodging        | 3 |  3.1
Armour         | |  0.9
Stealth        | |  2.8

Action                     |  1- 3 |  4- 6 || total
---------------------------+-------+-------++-------
   Cast: Magic Dart        |    85 |    37 ||   122
    Use: Scroll            |     7 |       ||     7
         Potion            |     1 |       ||     1
 Armour: Robe              |     2 |       ||     2
  Dodge: Dodged            |     8 |     8 ||    16
